 Dungeon Crawl Stone Soup version 0.23-a0-619-g281719c (webtiles) character file.

7389 Mgcat the Pandemonic (level 10, 0/88 HPs)
             Began as a Deep Dwarf Fighter on Dec 22, 2018.
             Was a High Priest of Makhleb.
             Slain by a death yak (22 damage)
             ... on level 10 of the Dungeon.
             The game lasted 00:22:38 (8343 turns).

Mgcat the Pandemonic (Deep Dwarf Fighter)           Turns: 8343, Time: 00:22:38

Health: 0/88       AC: 13    Str: 22    XL:     10   Next: 92%
Magic:  12/12      EV:  5    Int: 10    God:    Makhleb [*****.]
Gold:   547        SH: 11    Dex: 12    Spells: 11/11 levels left

rFire    . . .     SeeInvis .   a - +0 war axe
rCold    . . .     Gourm    .   t - +2 shield
rNeg     + . .     Faith    +   F - +0 chain mail (curse)
rPois    .         Spirit   .   (no helmet)
rElec    .         Reflect  .   v - +2 cloak
rCorr    .         Harm     .   (no gloves)
MR       +....                  (no boots)
Stlth    ..........             D - amulet of faith {Faith, !P}
HPRegen  0.00/turn              h - ring of positive energy {rN+}
MPRegen  0.13/turn              l - ring of flight {+Fly, !d}

@: non-regenerating
A: damage resistance, heal wounds, sense surroundings 2, no regeneration
a: Heal Wounds, Minor Destruction, Lesser Servant of Makhleb, Major Destruction,
Greater Servant of Makhleb, Renounce Religion, Evoke Flight


You were on level 10 of the Dungeon.
You worshipped Makhleb.
Makhleb was extremely pleased with you.
You were very hungry.

You visited 1 branch of the dungeon, and saw 10 of its levels.
You also visited: Ossuary.

You collected 547 gold pieces.

Inventory:

Hand Weapons
 a - a +0 war axe (weapon)
 b - a +1 battleaxe of electrocution
   (You took it off an orc warrior on level 8 of the Dungeon)
Missiles
 c - 5 throwing nets {=f, !d}
Armour
 t - a +2 shield (worn)
   (You found it on level 5 of the Dungeon)
 v - a +2 cloak (worn)
   (You took it off Crazy Yiuf on level 7 of the Dungeon)
 F - a cursed +0 chain mail (worn)
   (You found it on level 8 of the Dungeon)
Magical Staves
 m - an uncursed staff of wizardry {unknown}
   (You found it on level 8 of the Dungeon)
Jewellery
 h - a ring of positive energy (left hand) {rN+}
   (You took it off a goblin on level 2 of the Dungeon)
 l - a ring of flight (right hand) {+Fly, !d}
   (You found it on level 6 of the Dungeon)
 D - an amulet of faith (around neck) {Faith, !P}
   (You found it on level 6 of the Dungeon)
Wands
 z - a wand of random effects (44)
   (You found it on level 5 of the Dungeon)
 A - a wand of flame (23)
   (You found it on level 5 of the Dungeon)
 B - a wand of acid (4)
   (You found it on level 5 of the Dungeon)
 G - a wand of iceblast (11)
   (You found it on level 8 of the Dungeon)
Scrolls
 n - 2 scrolls of teleportation
 o - 2 scrolls of magic mapping {!r}
 p - a scroll of fog
 r - 5 scrolls of remove curse
 y - a scroll of blinking {!r}
 E - a scroll of fear
 H - a scroll of amnesia {unknown}
 I - 2 scrolls of identify
Potions
 d - a potion of might
 e - 3 potions of heal wounds
 g - 2 potions of curing
 i - 2 potions of ambrosia
 j - 2 potions of flight
 k - 2 potions of berserk rage {!q}
 s - 2 potions of lignification {!q}
 u - a potion of mutation {unknown}
 w - a potion of magic
 x - 2 potions of invisibility
 C - 2 potions of cancellation
Comestibles
 f - 12 rations


   Skills:
 - Level 5.0 Fighting
 + Level 12.1 Axes
 - Level 5.0 Armour
 - Level 4.0 Shields
 - Level 1.0 Spellcasting
 + Level 13.6 Invocations


You had 11 spell levels left.
You didn't know any spells.
Your spell library contained the following spells:

 Spells                   Type           Power        Failure   Level  Hunger
 Flame Tongue             Conj/Fire      #....        100%        1    ##.....
 Throw Flame              Conj/Fire      #.....       100%        2    ###....
 Conjure Flame            Conj/Fire      #.......     100%        3    ####...
 Inner Flame              Hex/Fire       #.......     100%        3    ####...
 Sticky Flame             Conj/Fire      #.......     100%        4    #####..
 Fireball                 Conj/Fire      #.........   100%        5    ######.


Dungeon Overview and Level Annotations

Branches:
Dungeon (10/15)            Temple (0/1) D:4            Lair (0/6) D:10
    Orc: D:9-12

Altars:
Cheibriados
Dithmenos
Elyvilon
Gozag
Hepliaklqana
Makhleb
Okawaru
Qazlal
Ru
Vehumet
Wu Jian
Yredelemnul
Zin
The Shining One

Shops:
D:6 ?


Innate Abilities, Weirdness & Mutations

You are resistant to damage.
You can heal yourself by infusing magical energy.
You passively map the area around you.
You do not regenerate.


Message History

You are feeling very hungry.
You closely miss the hungry ghost.
The hungry ghost is heavily damaged.
The hungry ghost hits you.
You are near starving!
You barely miss the hungry ghost.
The hungry ghost is heavily damaged.
You block the hungry ghost's attack.
You barely miss the hungry ghost.
The hungry ghost is heavily damaged.
The hungry ghost hits you.
You feel somewhat more hungry.
You hit the hungry ghost.
The hungry ghost is heavily damaged.
You block the hungry ghost's attack.
You barely miss the hungry ghost.
The hungry ghost is heavily damaged.
The hungry ghost hits you.
You are starving!
You are too hungry to fight recklessly!
You are too hungry to fight recklessly!
You are too hungry to fight recklessly!
You are too hungry to fight recklessly!
You are too hungry to fight recklessly!
You are too hungry to fight recklessly!
Eat a chunk of flesh {@w0}? (ye/n/q)
You eat the chunk of flesh {@w0}.
This raw flesh tastes terrible.
You are feeling very hungry.
The hungry ghost closely misses you.
Okay, then.
Unknown command.
Unknown command.
You slice the hungry ghost!!
You destroy the hungry ghost!
Makhleb accepts your kill.
You feel better.
Key pressed, stopping explore.
A scorpion comes into view.
A scorpion is nearby!
A death yak comes into view.
The death yak bellows!
You hear a bellow! x2
Found a staircase to the Lair. 2 death yaks and a skeleton come into view.
The death yak bellows!
You hear a bellow!
A yak comes into view.
The yak bellows!
You hear a shout!
You hear a bellow!
You block the scorpion's attack.
You slash the death yak!
The death yak is lightly wounded.
Your shield and chain mail prevent you from hitting the scorpion.
The death yak gores you! The scorpion barely misses you.
The death yak gores you but does no damage.
You slash the death yak!
The death yak is moderately wounded.
You closely miss the scorpion. You block the scorpion's attack.
Your shield and chain mail prevent you from hitting the death yak.
The death yak is moderately wounded.
Your shield and chain mail prevent you from hitting the scorpion.
You hit the death yak.
The death yak is moderately wounded.
You hit the death yak but do no damage. You block the death yak's attack.
An ogre comes into view. It is wielding a +0 giant club.
A yak comes into view. x2
The ogre shouts!
The yak bellows!
You hit the death yak but do no damage.
The death yak is moderately wounded.
You hit the quokka skeleton. You hit the death yak.
You closely miss the scorpion. The death yak barely misses you.
You block the quokka skeleton's attack. The death yak gores you!
You block the scorpion's attack.
You are too injured to fight recklessly!
You are too injured to fight recklessly!
You are too injured to fight recklessly!
A demon appears!
You block the death yak's attack. You block the quokka skeleton's attack.
The death yak gores you! The scorpion stings you.
A yak comes into view.
Unknown command.
Unknown command.
Your shield and chain mail prevent you from hitting the death yak.
The death yak is lightly wounded.
The yak bellows!
You slash the quokka skeleton!
You destroy the quokka skeleton!
Makhleb accepts your kill.
You feel better.
You hit the death yak. You hit the scorpion but do no damage.
You hear a bellow!
The death yak gores you but does no damage.
A yak comes into view.
The death yak gores you!!
* * * LOW HITPOINT WARNING * * *
The scorpion barely misses you.
Unknown command.
Unknown command.
Unknown command.
Unknown command.
You hit the death yak but do no damage.
The death yak is lightly wounded.
You hit the yak. You hit the death yak but do no damage.
You barely miss the scorpion. The death yak gores you!!
You die...

#.....................#
#.#
#.......#.#...........#
#.#
#.###...#.#...........#
#.# #.#
#...#.#...........# #.#
#. #...#.#...........#
#.# #.
#...#.............# #.#
..* #...##............#
#.# .. ,,
......s......# #.# #.
......Y@2....# #.# * *
, .....#YY##...####.# *
,, ..#....Y##........#
*, , #......##........#
,...YOY..##........# *
,, ,..>.....##...###..#
,#.Y.....##...# #..# ,
, ,Y.#.....##...# #..#
,, , #...# #..#


You could see 3 death yaks, 5 yaks, an ogre, a scorpion and a friendly
cacodemon.

Vanquished Creatures
  A two-headed ogre (D:9)
  Joseph (D:7)
  A queen bee (D:9)
  A troll (D:6)
  A hippogriff (D:10)
  Menkaure (D:4)
  2 hungry ghosts
  2 ice beasts
  An orc warrior (D:10)
  2 ogres
  A phantom (D:10)
  4 wolves (D:8)
  4 centaurs
  Blork the orc (D:5)
  9 bullfrogs
  A wyvern skeleton (D:6)
  3 water moccasin zombies (Ossuary)
  11 killer bees
  2 howler monkeys
  2 bullfrog zombies (D:6)
  A crimson imp (D:5)
  A centaur zombie (D:6)
  A quasit (D:8)
  6 hounds
  Crazy Yiuf (D:7)
  2 bullfrog skeletons
  4 orc priests
  2 centaur skeletons
  4 jellies
  2 iguanas
  15 orc wizards
  7 worker ants
  A killer bee zombie (D:10)
  5 big kobold zombies (Ossuary)
  A hound skeleton (D:5)
  2 hound zombies
  2 mummies (Ossuary)
  A worker ant zombie (D:8)
  5 gnolls
  7 adders
  A howler monkey skeleton (D:6)
  2 shadow imps
  6 adder zombies
  An adder skeleton (D:5)
  3 worms
  5 dart slugs
  5 leopard geckos
  30 orcs
  2 ball pythons
  10 bats
  10 giant cockroaches
  A gnoll zombie (Ossuary)
  10 goblins
  11 hobgoblins
  4 jackals (D:6)
  4 quokkas
  4 frilled lizards
  5 hobgoblin zombies (Ossuary)
  4 kobolds
  5 kobold zombies (Ossuary)
  A leopard gecko zombie (D:6)
  5 orc zombies (Ossuary)
  A quokka skeleton (D:10)
  2 quokka zombies
  4 rats
257 creatures vanquished.

Vanquished Creatures (collateral kills)
  Harold (D:7)
  Grum (D:8)
  A water moccasin (D:10)
  An orc warrior (D:8)
  2 ice beasts
  A centaur (D:9)
  A crocodile (D:10)
  A gnoll sergeant (D:10)
  A scorpion (D:7)
  9 killer bees
  3 crimson imps
  A bullfrog zombie (D:9)
  A hound (D:7)
  An orc priest (D:8)
  An iguana (D:7)
  An orc wizard (D:5)
  A worker ant (D:9)
  A hound skeleton (D:9)
  A gnoll (D:10)
  An adder zombie (D:9)
  A leopard gecko (D:9)
  6 orcs
  2 jackals (D:9)
40 creatures vanquished.

Grand Total: 297 creatures vanquished

Notes
Turn   | Place    | Note
-------+----------+-------------------------------------------
     0 | D:1      | Mgcat the Deep Dwarf Fighter began the quest for the Orb.
     0 | D:1      | Reached XP level 1. HP: 20/20 MP: 1/1
   132 | D:1      | Reached XP level 2. HP: 22/27 MP: 2/2
   284 | D:1      | Reached skill level 3 in Fighting
   477 | D:1      | Reached XP level 3. HP: 21/34 MP: 3/3
   845 | D:2      | Found a glowing silver altar of Zin.
   902 | D:2      | Reached skill level 3 in Axes
   902 | D:2      | Reached skill level 1 in Spellcasting
   902 | D:2      | Reached XP level 4. HP: 30/42 MP: 5/5
   903 | D:2      | Found a burning altar of Makhleb.
   975 | D:2      | Became a worshipper of Makhleb the Destroyer
  1315 | D:2      | Reached skill level 4 in Shields
  1386 | D:2      | Reached skill level 4 in Armour
  1476 | D:2      | Reached skill level 1 in Invocations
  1630 | D:3      | Reached XP level 5. HP: 28/49 MP: 6/6
  1712 | D:3      | Reached * piety under Makhleb
  1837 | D:3      | Found a sacrificial altar of Ru.
  2014 | D:3      | Reached skill level 2 in Invocations
  2326 | D:4      | Reached XP level 6. HP: 34/57 MP: 7/7
  2349 | D:4      | Noticed Menkaure
  2366 | D:4      | HP: 2/57 [Menkaure (19)]
  2371 | D:4      | Killed Menkaure
  2371 | D:4      | Reached skill level 4 in Fighting
  2371 | D:4      | Reached skill level 4 in Axes
  2371 | D:4      | Reached skill level 3 in Invocations
  2392 | D:4      | Found a staircase to the Ecumenical Temple.
  2541 | D:4      | Reached skill level 5 in Armour
  2553 | D:4      | Found a sand-covered staircase.
  2558 | Ossuary  | Entered an ossuary
  2564 | Ossuary  | Reached ** piety under Makhleb
  2586 | Ossuary  | Reached XP level 7. HP: 39/64 MP: 8/8
  2652 | Ossuary  | Reached skill level 4 in Invocations
  2744 | Ossuary  | Reached skill level 5 in Axes
  2908 | D:4      | Found a snail-covered altar of Cheibriados.
  2959 | D:4      | Reached skill level 5 in Invocations
  3218 | D:4      | Found an iron altar of Okawaru.
  3371 | D:4      | Reached skill level 5 in Fighting
  3381 | D:4      | Reached *** piety under Makhleb
  3562 | D:5      | Entered Level 5 of the Dungeon
  3581 | D:5      | Reached XP level 8. HP: 53/74 MP: 10/10
  3584 | D:5      | Noticed Blork the orc
  3595 | D:5      | Killed Blork the orc
  3595 | D:5      | Reached skill level 6 in Axes
  3595 | D:5      | Reached skill level 6 in Invocations
  3607 | D:5      | HP: 15/74 [orc priest/divine providence (8)]
  3608 | D:5      | HP: 3/74 [ogre/+0 giant spiked club (12)]
  3613 | D:5      | Reached skill level 7 in Invocations
  3620 | D:5      | Reached skill level 7 in Axes
  4118 | D:6      | HP: 14/74 [orc wizard/puff of frost (6)]
  4132 | D:6      | Reached skill level 8 in Invocations
  4263 | D:6      | Found an opulent altar of Gozag.
  4293 | D:6      | Reached skill level 8 in Axes
  4441 | D:6      | Gained mutation: You passively map the area around you.
                  | [Deep Dwarf growth]
  4441 | D:6      | Reached XP level 9. HP: 40/81 MP: 13/13
  4470 | D:6      | Reached skill level 9 in Invocations
  4471 | D:6      | Noticed a troll
  4499 | D:6      | HP: 18/81 [troll (10)]
  4501 | D:6      | Killed a troll
  4637 | D:6      | Found Kaadaikh's Magic Scroll Shop.
  4645 | D:6      | Reached **** piety under Makhleb
  4658 | D:6      | HP: 19/81 [something/puff of flame (8)]
  5023 | D:7      | Noticed Harold
  5050 | D:7      | Killed Harold
  5050 | D:7      | Reached skill level 9 in Axes
  5050 | D:7      | Reached skill level 10 in Invocations
  5343 | D:7      | Found a runed door.
  5423 | D:7      | HP: 20/81 [killer bee (3)]
  5425 | D:7      | HP: 6/81 [killer bee (4)]
  5437 | D:7      | HP: 20/81 [killer bee (4)]
  5495 | D:7      | Noticed Joseph
  5504 | D:7      | Killed Joseph
  5504 | D:7      | Reached skill level 10 in Axes
  5504 | D:7      | Reached skill level 11 in Invocations
  5715 | D:7      | Noticed Crazy Yiuf
  5718 | D:7      | Killed Crazy Yiuf
  5973 | D:8      | Reached XP level 10. HP: 88/88 MP: 12/12
  5983 | D:8      | Noticed Grum
  6003 | D:8      | Killed Grum
  6401 | D:8      | HP: 17/88 [ogre/+0 giant club (16)]
  6424 | D:8      | HP: 14/88 [orc priest/divine providence (11)]
  6437 | D:8      | HP: 16/88 [orc priest/divine providence (10)]
  6438 | D:8      | Reached skill level 12 in Invocations
  6575 | D:8      | Found a shadowy altar of Dithmenos.
  6575 | D:8      | Found a radiant altar of Vehumet.
  6750 | D:8      | Found a white marble altar of Elyvilon.
  6898 | D:9      | Reached skill level 11 in Axes
  6905 | D:9      | HP: 22/88 [killer bee (2)]
  7200 | D:9      | Found an ornate altar of the Wu Jian Council.
  7255 | D:9      | Found a glowing golden altar of the Shining One.
  7264 | D:9      | Found a basalt altar of Yredelemnul.
  7332 | D:9      | Noticed a two-headed ogre
  7338 | D:9      | Found a stormy altar of Qazlal.
  7341 | D:9      | Killed a two-headed ogre
  7379 | D:9      | Reached ***** piety under Makhleb
  7379 | D:9      | Reached skill level 13 in Invocations
  7820 | D:9      | Found a hazy altar of Hepliaklqana.
  7923 | D:9      | Noticed an angel
  7948 | D:10     | Entered Level 10 of the Dungeon
  7952 | D:10     | HP: 19/88 [orc/+0 morningstar (7)]
  7958 | D:10     | HP: 21/88 [orc priest/+1 trident of piercing (2)]
  7977 | D:10     | HP: 13/88 [orc wizard/+0 dagger of electrocution (16)]
  8037 | D:10     | HP: 19/88 [crocodile (10)]
  8062 | D:10     | HP: 13/88 [water moccasin (2)]
  8067 | D:10     | HP: 6/88 [poisoned by a water moccasin]
  8130 | D:10     | Reached skill level 12 in Axes
  8333 | D:10     | Found a staircase to the Lair.
  8333 | D:10     | Noticed a death yak
  8334 | D:10     | Noticed a death yak
  8334 | D:10     | Noticed a death yak
  8342 | D:10     | HP: 22/88 [death yak (18)]
  8343 | D:10     | Slain by a death yak

Vault maps used:
D:1:      dpeg_arrival_long_road, minmay_heptomino_d4
D:2:      lemuel_crystal_altar, first_ration, makhleb_heckhound_becter
D:3:      overflow_temple_1_default
D:4:      kennysheep_slug_shrine, lemuel_coloured_pillars_altar,
          minmay_temple_entry_gardened_gates, enter_ossuary_2, uniq_menkaure
D:5:      uniq_blork_the_orc
D:6:      marbit_many_paths, serial_shops, nicolae_shop_crystal, serial_undead,
          serial_undead_d, serial_undead_c, serial_undead_a, serial_undead_a,
          chequers_serial_rivers_small_a, hangedman_decor_slide_cut
D:7:      uniq_harold, uniq_crazy_yiuf_cottage, uniq_joseph
D:8:      kennysheep_mini_moat, gammafunk_temple_overflow_wave, uniq_grum
D:9:      grunt_temple_overflow_holy_war, nicolae_qazlal_style_of_elements,
          lemuel_doored_altar, nicolae_overflow_hidden_temple, david_nohive_1
D:10:     dpeg_lair_monsters, enter_trove_3
Ossuary:  ossuary_tomb_2

Skill      XL: |  1  2  3  4  5  6  7  8  9 10 |
---------------+-------------------------------+-----
Fighting       | 3 4 5 |  5.0
Axes           | 3 4 5 8 10 12 | 12.1
Spellcasting   | 1 |  1.0
Shields        | 4 |  4.0
Armour         | 4 5 |  5.0
Invocations    | 1 2 3 5 8 11 13 | 13.6

Action                   |  1- 3 |  4- 6 |  7- 9 | 10-12 || total
-------------------------+-------+-------+-------+-------++-------
Melee: War axe           |    64 |   228 |   472 |   306 ||  1070
       Hand axe          |    74 |    22 |       |       ||    96
Invok: Lesser Servant of |       |       |     4 |     7 ||    11
       Minor Destruction |       |       |     9 |     2 ||    11
       Greater Servant o |       |       |       |     1 ||     1
 Abil: Heal Wounds       |     2 |     5 |    10 |    11 ||    28
  Use: Scroll            |     5 |     6 |     9 |     4 ||    24
       Potion            |       |     1 |     1 |     1 ||     3
 Stab: Distracted        |       |       |       |     1 ||     1
  Eat: Chunk             |       |     6 |    17 |     9 ||    32
Armor: Scale mail        |    71 |    84 |   199 |    17 ||   371
       Chain mail        |       |       |       |   124 ||   124
Dodge: Dodged            |    47 |    71 |   126 |    65 ||   309
Block: Shield            |   100 |   159 |   331 |   187 ||   777

Table legend:
 A = Non-vault XP
 B = Vault XP
 C = Vault XP percentage of total XP
 D = Non-vault monster count
 E = Vault monster count
 F = Vault count percentage of total count
                 A         B        C        D         E       F
            +---------+---------+-------+---------+---------+-------
      Total |    6972 |    3584 |  34.0 |     227 |      70 |  23.6
            +---------+---------+-------+---------+---------+-------
        D:1 |      41 |       7 |  14.6 |      18 |       4 |  18.2
        D:2 |      90 |      43 |  32.3 |      23 |       1 |   4.2
        D:3 |     183 |       0 |   0.0 |      29 |       0 |   0.0
        D:4 |     333 |     187 |  36.0 |      17 |       2 |  10.5
        D:5 |     776 |      87 |  10.1 |      23 |       1 |   4.2
        D:6 |    1007 |     307 |  23.4 |      24 |       8 |  25.0
        D:7 |     690 |     875 |  55.9 |      19 |       3 |  13.6
        D:8 |    1097 |     624 |  36.3 |      21 |       5 |  19.2
        D:9 |    1330 |    1015 |  43.3 |      25 |      15 |  37.5
       D:10 |    1425 |       0 |   0.0 |      28 |       0 |   0.0
    Ossuary |       0 |     439 | 100.0 |       0 |      31 | 100.0
            +---------+---------+-------+---------+---------+-------

Vault maps used:
D:1:      dpeg_arrival_long_road, minmay_heptomino_d4
D:2:      lemuel_crystal_altar, first_ration, makhleb_heckhound_becter
D:3:      overflow_temple_1_default
D:4:      kennysheep_slug_shrine, lemuel_coloured_pillars_altar,
          minmay_temple_entry_gardened_gates, enter_ossuary_2, uniq_menkaure
D:5:      uniq_blork_the_orc
D:6:      marbit_many_paths, serial_shops, nicolae_shop_crystal, serial_undead,
          serial_undead_d, serial_undead_c, serial_undead_a, serial_undead_a,
          chequers_serial_rivers_small_a, hangedman_decor_slide_cut
D:7:      uniq_harold, uniq_crazy_yiuf_cottage, uniq_joseph
D:8:      kennysheep_mini_moat, gammafunk_temple_overflow_wave, uniq_grum
D:9:      grunt_temple_overflow_holy_war, nicolae_qazlal_style_of_elements,
          lemuel_doored_altar, nicolae_overflow_hidden_temple, david_nohive_1
D:10:     dpeg_lair_monsters, enter_trove_3
Ossuary:  ossuary_tomb_2

Table legend:
 A = Turns spent in this place as a percentage of turns spent in the entire game.
 B = Non-inter-level travel turns spent in this place as a percentage of non-inter-level travel turns spent in the entire game.
 C = Inter-level travel turns spent in this place as a percentage of turns spent in this place.
 D = Turns resting spent in this place as a percentage of non-inter-level travel turns spent in this place.
 E = Turns spent auto-exploring this place as a percentage of non-inter-level travel turns spent in this place.
 F = Non-inter-level travel turns spent in this place divided by the number of levels of this place that you've seen.
                   A       B       C       D       E      F
               +-------+-------+-------+-------+-------+----------------------
         Total | 100.0 | 100.0 |   5.2 |   2.6 |  70.2 | 719.2
       Dungeon |  96.8 |  96.6 |   5.3 |   2.7 |  71.8 | 764.3
       Ossuary |   3.2 |   3.4 |   0.0 |   0.0 |  23.5 | 268.0
               +-------+-------+-------+-------+-------+----------------------

Table legend:
 A = Kills in this place as a percentage of kills in entire the game.
 B = Kills by you in this place as a percentage of kills by you in the entire game.
 C = Kills by friends in this place as a percentage of kills by friends in the entire game.
 D = Other kills in this place as a percentage of other kills in the entire game.
 E = Experience gained in this place as a percentage of experience gained in the entire game.
 F = Experience gained in this place divided by the number of levels of this place that you have seen.
                   A       B       C       D       E      F
               +-------+-------+-------+-------+-------+----------------------
         Total | 100.0 | 100.0 | 100.0 |   N/A | 100.0 | 959.6
       Dungeon |  89.6 |  87.9 | 100.0 |   N/A |  95.8 | 1011.7
       Ossuary |  10.4 |  12.1 |   0.0 |   N/A |   4.2 | 439.0
               +-------+-------+-------+-------+-------+----------------------
